 Dungeon Crawl Stone Soup version 0.28.0-45-g0d030f2227 (webtiles) character file.

Game seed: 9717586030427329379

1115 sanboga the Chopper (level 8, -1/51 HPs)
             Began as a Gargoyle Fighter on Apr 6, 2022.
             Slain by an orc warrior
             ... wielding a +0 halberd
              (10 damage)
             ... on level 5 of the Dungeon.
             The game lasted 00:04:42 (5214 turns).

sanboga the Chopper (Gargoyle Fighter)              Turns: 5214, Time: 00:04:43

Health: -1/51      AC: 16    Str: 22    XL:     8   Next: 34%
Magic:  8/8        EV:  9    Int:  9    God:
Gold:   225        SH:  5    Dex: 15    Spells: 7/7 levels left

rFire   + . .      SeeInvis .   a - +0 war axe
rCold   . . .      Faith    .   c - +0 buckler
rNeg    + . .      Spirit   .   b - +0 scale mail
rPois   ∞          Reflect  .   t - +0 helmet
rElec   +          Harm     .   l - +0 cloak
rCorr   .          Rampage  .   (no gloves)
Will    .....                   r - +0 pair of boots
Stlth   ..........              (no amulet)
HPRegen 0.17/turn               f - ring of protection from fire
MPRegen 0.11/turn               d - +6 ring of dexterity

@: no status effects
A: sickness immunity, AC +5, negative energy resistance 1, electricity
resistance, torment resistance 1, petrification resistance
a: no special abilities


You were on level 5 of the Dungeon.
You visited 1 branch of the dungeon, and saw 6 of its levels.

You collected 225 gold pieces.

Inventory:

Hand Weapons
 a - a +0 war axe (weapon)
Armour
 b - a +0 scale mail (worn)
 c - a +0 buckler (worn)
 l - a +0 cloak (worn)
 r - a +0 pair of boots (worn)
 t - a +0 helmet (worn)
Jewellery
 d - a +6 ring of dexterity (right hand)
 f - a ring of protection from fire (left hand)
Wands
 u - a wand of mindburst (19)
Scrolls
 g - 2 scrolls of teleportation
 h - 2 scrolls of magic mapping
 i - a scroll of holy word
 j - a scroll of silence
 k - 2 scrolls of immolation
 n - a scroll of blinking {unknown}
 o - a scroll of enchant weapon {unknown}
 q - a scroll of acquirement {unknown}
Potions
 p - 2 potions of flight


   Skills:
 + Level 5.7 Fighting
 * Level 5.8 Axes
 + Level 5.6 Armour
 + Level 5.6 Shields


You had 7 spell levels left.
You didn't know any spells.
Your spell library contained the following spells:

 Spells                   Type           Power      Damage    Failure   Level
 Sting                    Tmut/Pois      0%         1d3       78%         1
 Blink                    Tloc           0%         N/A       89%         2
 Corpse Rot               Necr/Air       0%         N/A       89%         2
 Poisonous Vapours        Pois/Air       0%         N/A       89%         2
 Lesser Beckoning         Tloc           0%         N/A       98%         3
 Stone Arrow              Conj/Erth      0%         3d7       98%         3
 Tukima's Dance           Hex            0%         N/A       98%         3
 Animate Armour           Summ/Erth      0%         N/A       100%        4
 Olgreb's Toxic Radiance  Pois           0%         N/A       100%        4
 Passage of Golubria      Tloc           0%         N/A       100%        4
 Manifold Assault         Tloc           0%         N/A       100%        5
 Yara's Violent Unravell  Hex/Tmut       0%         3d3       100%        5
 Lehudib's Crystal Spear  Conj/Erth      0%         10d2      100%        8


Dungeon Overview and Level Annotations

Branches:
Dungeon (6/15)
 Temple: D:4-7

Altars:

Annotations:
D:6 Blork the orc


Innate Abilities, Weirdness & Mutations

You are immune to sickness and miasma.
Your stone body is resilient. (AC +5)
You are immune to poison.
You resist negative energy. (rN+)
You are resistant to electric shocks. (rElec)
You are resistant to unholy torment.
You are immune to petrification.


Message History

You climb downwards.
Level annotation: Blork the orc
There is a stone staircase leading up here.
The orc warrior barely misses you.
There is a stone staircase leading up here.
You climb upwards.
There is a stone staircase leading down here.
You hit the orc warrior.
The orc warrior is lightly wounded.
You block the orc warrior's attack.
You barely miss the orc warrior.
The orc warrior is lightly wounded.
The orc warrior hits you with a +0 halberd!
You hit the orc warrior but do no damage.
The orc warrior is lightly wounded.
The orc warrior hits you but does no damage.
You hit the orc warrior.
The orc warrior is moderately wounded.
The orc warrior hits you but does no damage.
The orc warrior misses you.
You barely miss the orc warrior.
The orc warrior is moderately wounded.
You block the orc warrior's attack.
You barely miss the orc warrior.
The orc warrior is moderately wounded.
The orc warrior hits you but does no damage.
You hit the orc warrior but do no damage.
The orc warrior is moderately wounded.
The orc warrior hits you with a +0 halberd!
You hit the orc warrior but do no damage.
The orc warrior is moderately wounded.
The orc warrior hits you with a +0 halberd! x2
* * * LOW HITPOINT WARNING * * *
You are too injured to fight recklessly!
Okay, then.
As you read the scroll labelled KEBREE HEXKUC, it crumbles to dust.
The creatures around you are filled with an inner flame!
It was a scroll of immolation.
The orc warrior hits you with a +0 halberd!
You die...

######################## ##
.......................# #.
.#####################.# #. .#
#.......#####.# #. .#
#...........#.# #. .#
#..........##.# ## .#
##.#....#..##.########## .#
#######.....o[....#.#......... .#
#..........##@................ .#
#†#######.......#.#.#.#....... .#
#.# #...#####.#.#.#.#####. .###.#
#...# #.#.#.#.#<# #. .....# #..(#
#.#.#.#.#.# #. ###### #...#
#.#.#.#...###. ######
#...#####.#.#.#.......
.....#######...##....#.#.#.......
.....'.........##....#.#.#.......


You could see an orc warrior (inner flame).

Vanquished Creatures
  A black bear (D:6)
  An ice beast (D:6)
  A sky beast (D:5)
  The ghost of pkoi the Conjurer, an amateur DgCj (D:3)
  A phantom (D:5)
  A bullfrog (D:4)
  2 scorpions
  A water moccasin skeleton (D:4)
  A howler monkey (D:4)
  2 quasits (D:3)
  A centaur zombie (D:5)
  3 hounds
  2 jellies (D:4)
  An iguana (D:5)
  2 hound skeletons
  An adder (D:4)
  An ufetubus (D:4)
  A worm (D:2)
  A dart slug (D:4)
  12 orcs
  9 ball pythons
  3 bats
  9 endoplasms
  A giant cockroach (D:1)
  3 goblins
  8 hobgoblins
  8 jackals
  7 kobolds
  5 quokkas
  2 frilled lizards
  7 rats
99 creatures vanquished.

Notes
Turn   | Place    | Note
-------+----------+-------------------------------------------
     0 | D:1      | sanboga the Gargoyle Fighter began the quest for the Orb.
     0 | D:1      | Reached XP level 1. HP: 14/14 MP: 1/1
   150 | D:1      | Reached XP level 2. HP: 15/19 MP: 2/2
  1216 | D:2      | Reached XP level 3. HP: 22/23 MP: 3/3
  1731 | D:3      | Found a transporter.
  1732 | D:3      | Noticed pkoi's ghost (amateur DgCj)
  1747 | D:3      | Found a transporter.
  1762 | D:3      | Reached XP level 4. HP: 15/29 MP: 4/4
  1763 | D:3      | Killed pkoi's ghost
  1764 | D:3      | Reached XP level 5. HP: 17/33 MP: 5/5
  2011 | D:3      | Found a faded altar of an unknown god.
  2521 | D:4      | Reached XP level 6. HP: 32/39 MP: 6/6
  3208 | D:4      | Reached XP level 7. HP: 44/44 MP: 7/7
  3568 | D:5      | Entered Level 5 of the Dungeon
  3604 | D:5      | Reached skill level 5 in Fighting
  3604 | D:5      | Reached skill level 5 in Armour
  3604 | D:5      | Reached skill level 5 in Shields
  3731 | D:5      | Reached skill level 5 in Axes
  4389 | D:5      | Reached XP level 8. HP: 36/50 MP: 8/8
  4994 | D:6      | Noticed Blork the orc
  5214 | D:5      | Slain by an orc warrior

Illustrated notes

Levels and vault maps discovered:
D:1:      scummos_arrival_simple_fountains, layout_loops_corners
D:2:      layout_basic
D:3:      layout_loops_ring, gammafunk_ghost_stat_death,
          hellmonk_ecumenical_altar_crossroads,
          hangedman_abyss_or_decor_lesser_grid
D:4:      layout_loops_ring
D:5:      layout_basic
D:6:      layout_rooms, uniq_blork_the_orc

Skill      XL: |  1  2  3  4  5  6  7 |
---------------+----------------------+-----
Axes           | 2 3 4 5 |  5.8
Fighting       | 4 5 |  5.7
Armour         | 4 5 |  5.6
Shields        | 4 5 |  5.6

Action                   |  1- 3 |  4- 6 |  7- 9 || total
-------------------------+-------+-------+-------++-------
Melee: War axe           |   101 |   122 |   121 ||   344
  Use: Potion            |     1 |       |       ||     1
       Scroll            |       |       |     9 ||     9
Armor: Scale mail        |    76 |    89 |    75 ||   240
Dodge: Dodged            |    63 |    61 |    68 ||   192
Block: Buckler           |    31 |    38 |    43 ||   112
